AoeStats
← Grand2024

Lombardia

509180582Analyzed
2v2 RM · 6d ago on Sep 25, 2026· 46m 23s· 4 players
Game mode
Random Map
Map size
Medium (4 player)
Population
200
Speed
Normal
Resources
Standard
Victory
Conquest
Starting age
Dark Age
Ending age
Imperial Age
RankedLock teamsTeams togetherTeam positionsShared explorationLock speedFull tech treeHidden civsTurbo modeCheats
Victory
Defeat
🇧🇪 Vietnamese · Belgium
839
+16
🇺🇸 Khmer · United States
724
+22
🇲🇽 Japanese · Mexico
869
-20
🇲🇽 Franks · Mexico
812
-18
xDATASURFERx
8:38 Loom
10:23 Feudal Age
20:37 Fletching
21:03 Forging
25:21 Castle Age
26:36 Husbandry
27:45 Scale Mail Armor
28:04 Gold Mining
30:06 Scale Barding Armor
30:37 Iron Casting
37:55 Gold Shaft Mining
37:09 Double-Bit Axe
37:05 Horse Collar
39:48 Chain Barding Armor
39:43 Bow Saw
39:34 Heavy Plow
39:19 Man-at-Arms
39:45 Arson
41:16 Bloodlines
41:45 Wheelbarrow
41:08 Fletching
Grand2024
0:33 Loom
11:27 Feudal Age
22:02 Castle Age
22:44 Crossbowman
26:18 Pikeman
28:26 Fletching
28:40 Town Watch
29:31 Wheelbarrow
29:07 Padded Archer Armor
28:51 Horse Collar
30:20 Bodkin Arrow
31:49 Hand Cart
32:13 Heavy Plow
33:14 Double-Bit Axe
34:05 Bow Saw
34:53 Ballistics
38:19 Imperial Age
36:28 Squires
38:04 Leather Archer Armor
38:00 Forging
40:31 Chemistry
40:14 Elite Rattan Archer
41:23 Bracer
41:53 Ring Archer Armor
41:38 Scale Mail Armor
41:27 Halberdier
46:50 Thumb Ring
Shonedrache
12:00 Feudal Age
10:18 Loom
12:27 Double-Bit Axe
13:26 Gold Mining
18:57 Castle Age
20:03 Bow Saw
21:23 Wheelbarrow
21:56 Fletching
22:35 Forging
22:41 Stone Mining
24:59 Squires
28:50 Horse Collar
29:01 Treadmill Crane
31:23 Iron Casting
30:48 Scale Mail Armor
31:08 Pikeman
34:11 Hand Cart
34:44 Town Watch
34:57 Bodkin Arrow
35:20 Chain Mail Armor
35:55 Gambesons
35:56 Arson
38:03 Murder Holes
38:29 Ballistics
41:36 Imperial Age
40:50 Padded Archer Armor
40:54 Elite Skirmisher
42:06 Thumb Ring
43:48 Conscription
joelsc22
2:02 Loom
10:25 Feudal Age
11:59 Wheelbarrow
11:11 Double-Bit Axe
17:23 Castle Age
23:42 Gambesons
24:04 Town Watch
25:52 Fletching
31:13 Town Patrol
32:01 Squires
31:22 Pikeman
33:40 Forging
33:30 Scale Mail Armor
33:45 Ordonnance Companies
34:31 Scale Mail Armor
35:51 Hand Cart
35:35 Bodkin Arrow
35:40 Padded Archer Armor
36:15 Iron Casting
35:55 Chain Mail Armor
39:10 Scale Barding Armor
39:37 Elite Skirmisher
Connection lost

Rejoining the realm…

Still unreachable

The connection could not be restored.

Session expired

The server has moved on; the page needs a fresh start.